 Dungeon Crawl Stone Soup version 0.19-b1-5-gdc9fa9d (webtiles) character file.

63 varam the Cudgeler (level 4, -1/28 HPs)
             Began as a Gargoyle Fighter on Oct 31, 2016.
             Slain by a gnoll
             ... wielding a +2 halberd of flaming
              (3 damage)
             ... on level 2 of the Dungeon.
             The game lasted 00:01:47 (1390 turns).

varam the Cudgeler (Gargoyle Fighter)               Turns: 1390, Time: 00:01:47

Health: -1/28      AC: 11    Str: 20    XL:     4   Next: 10%
Magic:  4/4        EV:  7    Int:  9    God:
Gold:   109        SH:  9    Dex: 11    Spells: 0 memorised, 3 levels left

rFire  . . .     SeeInvis .     a - +0 flail
rCold  + . .     Gourm    .     b - +0 scale mail
rNeg   + . .     Faith    .     c - +0 shield
rPois  ∞         Spirit   .     k - +0 helmet
rElec  +         Reflect  .     (no cloak)
rCorr  .         Harm     .     (no gloves)
MR     .....                    (no boots)
Stlth  ..........               (no amulet)
                                h - +2 ring of dexterity
                                e - ring of protection from cold

@: no status effects
A: negative energy resistance 1, electricity resistance, unbreathing,
petrification resistance, rot immunity, AC +3
a: no special abilities


You were on level 2 of the Dungeon.
You were not hungry.

You visited 1 branch of the dungeon, and saw 2 of its levels.

You collected 109 gold pieces.

Inventory:

Hand Weapons
 a - a +0 flail (weapon)
Armour
 b - a +0 scale mail (worn)
 c - a +0 shield (worn)
 k - a +0 helmet (worn)
Jewellery
 e - a ring of protection from cold (left hand)
 h - a +2 ring of dexterity (right hand)
 r - a +6 amulet of reflection {unknown}
Scrolls
 g - a scroll of blinking {unknown}
 j - a scroll of teleportation {unknown}
 n - a scroll of remove curse
 o - 3 scrolls of identify {unknown}
 t - a scroll of fog {unknown}
 u - a scroll of enchant weapon {unknown}
Potions
 d - a potion of might
 i - a potion of agility {unknown}
 m - a potion of berserk rage {unknown}
 q - a potion of lignification {unknown}
Comestibles
 f - 3 bread rations
 l - a beef jerky
 p - 3 fruits
 s - 2 chunks of flesh


   Skills:
 - Level 3.2 Fighting
 + Level 4.2 Maces & Flails
 - Level 3.2 Armour
 - Level 3.2 Shields


You had 3 spell levels left.
You didn't know any spells.

Dungeon Overview and Level Annotations

Branches:
Dungeon (2/15)

Altars:
Fedhas
Gozag


Innate Abilities, Weirdness & Mutations

You are resistant to torment.
Your stone body is resilient. (AC +3)
You are immune to poison.
You resist negative energy. (rN+)
You are resistant to electric shocks. (rElec)
You can survive without breathing.
You are immune to petrification.
You are immune to rotting.


Message History

The gnoll hits you but does no damage. You block the gnoll's attack.
You see here a gold piece.
You sock the gnoll!
The gnoll is severely wounded.
You block the gnoll's attack.
The gnoll hits you from afar with a halberd of flaming!
The gnoll burns you.
You hit the gnoll.
The gnoll is almost dead.
You block the gnoll's attack. x2; The gnoll barely misses you.
You hit the gnoll.
You kill the gnoll!
You have reached level 4!
You feel stronger.
The gnoll hits you from afar with a halberd of flaming.
* * * LOW HITPOINT WARNING * * *
The gnoll burns you.
* * * LOW HITPOINT WARNING * * *
The gnoll hits you with a halberd of flaming.
You die...

## ..#######
#?#.....#
#.#.###.######## #
##.###.#......g@$...#
##
.......#...#.######.#
#. .............# #.#
## ##.###.#...### #.#
# ##..PP..# #.#


...PPPPP# ###.###### ####PP_PP# #........# # .######P.P.P# #.#.####.# #
........PP..## #.#.## #.# # You could see a gnoll.

Vanquished Creatures
  2 gnolls (D:2)
  An adder (D:2)
  A dart slug (D:1)
  9 bats
  A giant cockroach (D:2)
  4 goblins (D:1)
  2 hobgoblins
  A quokka (D:2)
  3 frilled lizards
  6 kobolds
  4 rats
34 creatures vanquished.

Vanquished Creatures (others)
  A fungus (D:2)
1 creature vanquished.

Grand Total: 35 creatures vanquished

Notes
Turn   | Place    | Note
-------+----------+-------------------------------------------
     0 | D:1      | varam the Gargoyle Fighter began the quest for the Orb.
     0 | D:1      | Reached XP level 1. HP: 14/14 MP: 1/1
   182 | D:1      | Reached XP level 2. HP: 19/19 MP: 2/2
   381 | D:1      | Reached skill level 3 in Maces & Flails
   788 | D:2      | Reached XP level 3. HP: 23/23 MP: 3/3
   800 | D:2      | Found a blossoming altar of Fedhas.
   963 | D:2      | Found an opulent altar of Gozag.
  1385 | D:2      | Reached skill level 4 in Maces & Flails
  1389 | D:2      | Reached XP level 4. HP: 9/28 MP: 4/4
  1389 | D:2      | HP: 2/28 [gnoll/halberd of flaming (2)]
  1390 | D:2      | Slain by a gnoll

Skill      XL: |  1  2  3 |
---------------+----------+-----
Maces & Flails | 3 4 |  4.2
Fighting       | |  3.2
Armour         | |  3.2
Shields        | |  3.2

Action                   |  1- 3 |  4- 6 || total
-------------------------+-------+-------++-------
Melee: Flail             |   119 |       ||   119
  Use: Scroll            |     1 |       ||     1
  Eat: Chunk             |     2 |       ||     2
Armor: Scale mail        |    76 |       ||    76
Dodge: Dodged            |    42 |       ||    42
Block: Shield            |    74 |       ||    74
